 Dungeon Crawl Stone Soup version 0.30.0-19-gbf45117a57 (webtiles) character file.

Game seed: 15385901588900561084

8845 qw the Cleaver (level 11, -2/71 HPs)
             Began as a Gargoyle Fighter on May 23, 2023.
             Was a Priest of Okawaru.
             Slain by a death yak (19 damage)
             ... on level 9 of the Dungeon.
             The game lasted 00:04:00 (8232 turns).

qw the Cleaver (Gargoyle Fighter)                   Turns: 8232, Time: 00:04:01

Health: -2/71      AC: 26    Str: 22    XL:     11   Next: 37%
Magic:  15/15      EV: 10    Int: 14    God:    Okawaru [***...]
Gold:   183        SH:  6    Dex: 14    Spells: 10/10 levels left

rFire   . . .        g - +0 war axe (vamp)
rCold   + + .        c - +0 buckler
rNeg    + . .        k - +0 plate armour
rPois   inf          n - +0 helmet
rElec   +            (no cloak)
rCorr   .            v - +0 pair of gloves
SInv    +            (no boots)
Will    +....        (no amulet) Stlth
                     j - ring of willpower
HPRegen 0.31/turn    p - ring "Soafiym" {rElec rC++ Dex+6 SInv Stlth-}
MPRegen 0.14/turn

%: no passive effects
@: about to teleport, heroic
A: sickness immunity, AC +8, negative energy resistance 1, electricity
resistance, torment resistance 1, petrification resistance, clever 1
a: Renounce Religion, Heroism


You were on level 9 of the Dungeon.
You worshipped Okawaru.
Okawaru was most pleased with you.
You visited 2 branches of the dungeon, and saw 12 of its levels.

You collected 603 gold pieces.
You spent 420 gold pieces at shops.


Innate Abilities, Weirdness & Mutations

You are immune to sickness and miasma.
Your stone body is resilient. (AC +8)
You are immune to poison.
You resist negative energy. (rN+)
You are resistant to electric shocks. (rElec)
You are resistant to unholy torment.
You are immune to petrification.
Your mind is acute. (Int +4, Str/Dex -1)


   Skills:
 - Level 9.4(14.4) Fighting
 - Level 11.1(16.1) Axes
 - Level 2.1(7.1) Throwing
 + Level 7.5(12.5) Armour
 - Level 2.4(7.4) Dodging
 - Level 5.3(10.3) Shields
 - Level 5.4 Invocations


You had 10 spell levels left.
You didn't know any spells.
Your spell library was empty.

Inventory:

Hand Weapons
 g - a +0 vampiric war axe (weapon)
 t - the +7 mace of Gravity {flame, Str+2}
   (You found it on level 11 of the Dungeon)

   Str:       It affects your strength (+2).
Missiles
 b - 3 boomerangs
 u - a silver boomerang (quivered)
Armour
 c - a +0 buckler (worn)
 f - +0 acid dragon scales
 k - a +0 plate armour (worn)
 n - a +0 helmet (worn)
 v - a +0 pair of gloves (worn)
Jewellery
 e - a ring of ice
 j - a ring of willpower (left hand)
 p - the ring "Soafiym" (right hand) {rElec rC++ Dex+6 SInv Stlth-}
   (You found it on level 2 of the Dungeon)

   [ring of dexterity]

   Dex:       It affects your dexterity (+6).
   rC:        It greatly protects you from cold.
   rElec:     It insulates you from electricity.
   SInv:      It lets you see invisible.
   Stlth:     It makes you less stealthy.
 x - an amulet of the acrobat
Wands
 w - a wand of digging (6)
Scrolls
 a - 2 scrolls of brand weapon
 q - a scroll of identify
 r - 3 scrolls of teleportation
Potions
 d - 3 potions of might
 h - 2 potions of haste
 i - a potion of cancellation
 l - a potion of mutation
 m - a potion of curing
 o - 2 potions of resistance
 s - a potion of magic

Dungeon Overview and Level Annotations

Branches:
Dungeon (11/15)            Temple (1/1) D:6            Lair (0/5) D:9
    Orc: D:9-12

Altars:
Ashenzari
Cheibriados
Dithmenos
Elyvilon
Fedhas
Gozag
Hepliaklqana
Kikubaaqudgha
Makhleb
Nemelex Xobeh
Okawaru
Qazlal
Ru
Sif Muna
Trog
Uskayaw
Vehumet
Wu Jian
Xom
Yredelemnul
Zin
The Shining One

Shops:
D:9 =   D:10 :

Annotations:
D:4 2 transporters, qw's ghost, amateur GrCA
D:7 3 runed translucent doors, qw's ghost, novice GrCA
D:9 3 runed translucent doors, qw's ghost, journeyman GrCA
D:10 2 transporters, qw's ghost, journeyman GrFi


Message History

You slash the death yak!
You feel better.
You hit the death yak but do no damage. The death yak gores you.
The death yak gores you!
The death yak gores you but does no damage.
You hit the death yak.
The death yak is moderately wounded.
You hit the death yak but do no damage. You slash the death yak!
The death yak gores you!
The death yak gores you but does no damage.
You block the death yak's attack.
You hit the death yak but do no damage.
The death yak is moderately wounded.
You hit the death yak but do no damage. x2
You slash the death yak!
You feel better.
The death yak is heavily wounded.
You barely miss the death yak. You slash the death yak!
You feel better.
The death yak gores you. x2; The death yak gores you!!
8228 ||| READING 4 scrolls of teleportation.
As you read the scroll of teleportation, it crumbles to dust.
You feel strangely unstable. The death yak barely misses you. x2
The death yak gores you but does no damage.
You hit the death yak.
You feel better.
The death yak is heavily wounded.
You hit the death yak but do no damage. You hit the death yak.
You block the death yak's attack. The death yak closely misses you.
The death yak gores you.
You hit the death yak but do no damage.
The death yak is heavily wounded.
You slash the death yak! You completely miss the death yak.
The death yak gores you but does no damage. x2
The death yak closely misses you.
You slash the death yak!
The death yak is severely wounded.
You hit the death yak.
You feel better.
You hit the death yak but do no damage. You hit the death yak.
You feel better.
The death yak is severely wounded.
You barely miss the death yak. You hit the death yak.
You feel better. The death yak gores you!!
You die...

##.## ##.##
##.## ##.###
#...##
##....###
#....#..##
#....##..###
#...#####@Y#
#...#
#YYY>..#
#...#
oYYo..#..
#..##
..........
...#
......#....
....
........#...
#...##.>..#..
#... ...#...


You could see 3 death yaks, 3 yaks and 2 orcs.

Vanquished Creatures
  A hydra (D:11)
  A two-headed ogre (D:9)
  A manticore (D:11)
  An ugly thing (D:11)
  2 trolls (D:11)
  Sigmund (D:5)
  3 wyverns
  11 yaks
  A vampire (D:9)
  Eustachio (D:5)
  A steam dragon (D:8)
  Menkaure (D:5)
  2 acid dragons
  6 ice beasts
  4 orc warriors
  A sky beast (D:6)
  2 black bears
  2 ogres
  10 centaurs
  2 kobold brigands
  A bullfrog (D:7)
  4 killer bees (D:7)
  2 howler monkeys
  3 hounds (D:5)
  5 jellies
  3 orc priests
  2 sleepcaps
  3 iguanas
  10 orc wizards
  4 adders
  2 shadow imps (D:6)
  4 white imps
  3 ufetubi
  2 worms
  4 dart slugs
  20 orcs
  4 ball pythons
  2 bats (D:2)
  4 endoplasms
  7 giant cockroaches
  6 goblins
  3 hobgoblins
  4 jackals (D:1)
  17 kobolds
  A quokka (D:4)
  3 frilled lizards (D:1)
  6 rats
183 creatures vanquished.

Notes
Turn   | Place    | Note
-------+----------+-------------------------------------------
     0 | D:1      | qw the Gargoyle Fighter began the quest for the Orb.
     0 | D:1      | Reached XP level 1. HP: 14/14 MP: 1/1
     0 | D:1      | 0 ||| qw: Version: 0.2-a-98-g5d7165a
     0 | D:1      | 0 ||| qw: Game counter: 47
     0 | D:1      | 0 ||| qw: Always use a shield: true
     0 | D:1      | 0 ||| qw: God list: Okawaru
     0 | D:1      | 0 ||| qw: Allow faded altars: false
     0 | D:1      | 0 ||| qw: Do Orc after D:15 true
     0 | D:1      | 0 ||| qw: Do second Lair branch before Depths: true
     0 | D:1      | 0 ||| qw: Lair rune preference: random
     0 | D:1      | 0 ||| qw: Plans: Normal, Zot:1-4, God:TSO, Crypt, Tomb,
                  | Pan, Slime:5, Hells, Abyss, Win
     0 | D:1      | 0 ||| PLANNING D:1-11
   104 | D:1      | Reached skill level 2 in Axes
   123 | D:1      | Reached XP level 2. HP: 19/19 MP: 2/2
   334 | D:1      | Reached skill level 3 in Axes
   417 | D:1      | Reached XP level 3. HP: 23/23 MP: 3/3
   819 | D:1      | 819 ||| UPGRADING to +0 helmet.
   824 | D:1      | 824 ||| READING 2 scrolls labelled YTRIOST XEOZI.
   825 | D:1      | 825 ||| READING scroll labelled TUZICA NUANO.
   829 | D:1      | 829 ||| READING scroll labelled WUSMARCH WIAMY.
   930 | D:1      | 930 ||| READING scroll labelled MEGHACL QUQORE.
   931 | D:1      | 931 ||| DRINKING 2 bubbling pink potions.
   931 | D:1      | Gained mutation: You occasionally lose the ability to read
                  | scrolls when taking damage. [potion of mutation]
   931 | D:1      | Lost mutation: You occasionally lose the ability to read
                  | scrolls when taking damage. [potion of mutation]
   931 | D:1      | Gained mutation: Your mind is acute. (Int +4, Str/Dex -1)
                  | [potion of mutation]
   969 | D:2      | 969 ||| Stepping ~*~*~tactically~*~*~ (hiding).
   971 | D:2      | 971 ||| Stepping ~*~*~tactically~*~*~ (hiding).
  1319 | D:2      | Identified the ring "Soafiym" {rElec rC++ Dex+6 SInv
                  | Stlth-}
  1466 | D:2      | Reached XP level 4. HP: 28/28 MP: 4/4
  1512 | D:2      | 1512 ||| DROPPING +0 whip.
  1657 | D:2      | 1657 ||| UPGRADING to ring of willpower.
  1658 | D:2      | 1658 ||| UPGRADING to ring "Soafiym" {rElec rC++ Dex+6 SInv
                  | Stlth-}.
  1659 | D:2      | 1659 ||| READING scroll labelled ONANGEI YCROTTUUG.
  1660 | D:2      | 1660 ||| READING scroll labelled RERUR QASHRERU.
  1661 | D:2      | 1661 ||| READING scroll labelled QURUNEGREU.
  1682 | D:2      | 1682 ||| DRINKING 2 blue potions.
  1693 | D:3      | Reached skill level 4 in Axes
  1694 | D:3      | 1694 ||| STAIRDANCE
  1756 | D:3      | Reached skill level 1 in Dodging
  1865 | D:3      | 1865 ||| Stepping ~*~*~tactically~*~*~ (stealth).
  2062 | D:3      | 2062 ||| DROPPING +2 mace of protection.
  2123 | D:3      | 2123 ||| UPGRADING to +0 pair of gloves.
  2128 | D:3      | 2128 ||| READING scroll labelled AXAJUE QIOCU.
  2129 | D:3      | 2129 ||| READING scroll labelled MUIFEH JESEL.
  2145 | D:4      | Found a transporter.
  2152 | D:4      | Reached XP level 5. HP: 32/32 MP: 5/5
  2176 | D:4      | Noticed qw's ghost (amateur GrCA)
  2176 | D:4      | Noticed an ogre
  2177 | D:4      | Found a transporter.
  2177 | D:4      | Identified the +10 dire flail of Jucis {flame, rPois MP+9
                  | Dex+2 SInv}
  2177 | D:4      | Noticed an ogre
  2187 | D:4      | 2187 ||| Stepping ~*~*~tactically~*~*~ (stealth).
  2188 | D:4      | 2188 ||| Stepping ~*~*~tactically~*~*~ (stealth).
  2435 | D:4      | Reached skill level 5 in Axes
  2443 | D:4      | Reached XP level 6. HP: 38/38 MP: 6/6
  2645 | D:4      | 2645 ||| DRINKING 2 green potions.
  2646 | D:4      | 2646 ||| DRINKING 2 bubbling cyan potions.
  2647 | D:4      | 2647 ||| READING 3 scrolls of identify.
  2647 | D:4      | 2647 ||| IDENTIFYING fizzy coppery potion
  2648 | D:4      | 2648 ||| READING 2 scrolls of identify.
  2648 | D:4      | 2648 ||| IDENTIFYING puce potion
  2649 | D:4      | 2649 ||| DROPPING potion of flight.
  2650 | D:4      | 2650 ||| DROPPING potion of invisibility.
  2651 | D:4      | 2651 ||| DROPPING potion of brilliance.
  2677 | D:5      | Entered Level 5 of the Dungeon
  2678 | D:5      | 2678 ||| Stepping ~*~*~tactically~*~*~ (stealth).
  2683 | D:5      | Noticed Eustachio
  2703 | D:5      | HP: 6/38 [ogre/+0 giant spiked club (24)]
  2704 | D:5      | 2704 ||| READING 4 scrolls of teleportation.
  2704 | D:5      | HP: 1/38 [river rat[Eustachio] (5)]
  2705 | D:5      | 2705 ||| DRINKING 2 potions of heal wounds.
  2719 | D:5      | 2719 ||| Stepping ~*~*~tactically~*~*~ (stealth).
  2763 | D:5      | 2763 ||| Stepping ~*~*~tactically~*~*~ (stealth).
  2764 | D:5      | 2764 ||| Stepping ~*~*~tactically~*~*~ (stealth).
  2874 | D:5      | Noticed Sigmund
  2880 | D:5      | Killed Sigmund
  2881 | D:5      | Reached skill level 6 in Axes
  2881 | D:5      | Reached XP level 7. HP: 36/43 MP: 7/7
  2954 | D:5      | 2954 ||| Stepping ~*~*~tactically~*~*~ (stealth).
  2983 | D:5      | Killed Eustachio
  2984 | D:5      | Reached skill level 7 in Axes
  3204 | D:5      | Reached skill level 1 in Throwing
  3204 | D:5      | Reached XP level 8. HP: 49/49 MP: 8/8
  3289 | D:5      | Noticed Menkaure
  3290 | D:5      | 3290 ||| Stepping ~*~*~tactically~*~*~ (hiding).
  3298 | D:5      | Killed Menkaure
  3612 | D:5      | Reached skill level 8 in Axes
  3763 | D:5      | 3763 ||| DRINKING 2 bubbling orange potions.
  3808 | D:6      | 3808 ||| STAIRDANCE
  4152 | D:6      | 4152 ||| Stepping ~*~*~tactically~*~*~ (hiding).
  4164 | D:6      | Reached skill level 6 in Fighting
  4186 | D:6      | Found a white marble altar of Elyvilon.
  4211 | D:6      | HP: 12/52 [ogre/+0 giant spiked club (25)]
  4212 | D:6      | 4212 ||| READING 3 scrolls of teleportation.
  4213 | D:6      | 4213 ||| DRINKING potion of heal wounds.
  4321 | D:6      | Reached XP level 9. HP: 56/56 MP: 9/9
  4413 | D:6      | Found a glowing golden altar of the Shining One.
  4473 | D:6      | Found a staircase to the Ecumenical Temple.
  4536 | D:6      | 4536 ||| Stepping ~*~*~tactically~*~*~ (hiding).
  4537 | D:6      | 4537 ||| Stepping ~*~*~tactically~*~*~ (hiding).
  4587 | D:6      | 4587 ||| DRINKING 2 black potions.
  4588 | D:6      | 4588 ||| READING 2 scrolls of identify.
  4588 | D:6      | 4588 ||| IDENTIFYING fuming dark potion
  4589 | D:6      | 4589 ||| DROPPING potion of magic.
  4590 | D:6      | 4590 ||| DROPPING potion of degeneration.
  4647 | D:6      | 4647 ||| PLANNING TEMPLE
  4652 | Temple   | Entered the Ecumenical Temple
  4702 | Temple   | 4702 ||| PLANNING OKAWARU WORSHIP
  4743 | Temple   | Became a worshipper of Warmaster Okawaru
  4743 | Temple   | 4743 ||| PLANNING D:1-11
  4799 | D:7      | 4799 ||| Stepping ~*~*~tactically~*~*~ (stealth).
  4814 | D:7      | Reached skill level 9 in Axes
  4938 | D:7      | 4938 ||| READING scroll labelled BESIJO QEON.
  5066 | D:7      | HP: 13/57 [orc warrior/+0 trident (9)]
  5067 | D:7      | 5067 ||| READING 3 scrolls of teleportation.
  5068 | D:7      | 5068 ||| DRINKING potion of heal wounds.
  5464 | D:7      | Reached * piety under Okawaru
  5655 | D:7      | Found a runed translucent gate.
  5656 | D:7      | Found a runed translucent gate.
  5656 | D:7      | Noticed qw's ghost (novice GrCA)
  5657 | D:7      | Found a runed translucent gate.
  5712 | D:7      | Found a blossoming altar of Fedhas.
  5856 | D:7      | 5856 ||| DROPPING +1 leather armour of fire resistance.
  5857 | D:7      | 5857 ||| DROPPING +1 robe of resistance.
  5858 | D:7      | 5858 ||| UPGRADING to +0 plate armour.
  5868 | D:7      | 5868 ||| DROPPING +0 scale mail.
  5869 | D:7      | 5869 ||| DRINKING 2 viscous golden potions.
  5870 | D:7      | 5870 ||| READING 2 scrolls of identify.
  5870 | D:7      | 5870 ||| IDENTIFYING bubbling green potion
  5871 | D:7      | 5871 ||| DROPPING potion of berserk rage.
  5913 | D:8      | 5913 ||| Stepping ~*~*~tactically~*~*~ (hiding).
  5996 | D:8      | Reached skill level 1 in Invocations
  6032 | D:8      | 6032 ||| INVOKING Heroism.
  6194 | D:8      | 6194 ||| Stepping ~*~*~tactically~*~*~ (stealth).
  6221 | D:8      | Reached skill level 3 in Invocations
  6228 | D:8      | Reached XP level 10. HP: 48/63 MP: 10/12
  6301 | D:8      | You fall into a shaft and drop 3 floors!
  6307 | D:11     | 6307 ||| PLANNING GAUNTLET
  6311 | D:11     | Noticed a five-headed hydra
  6312 | D:11     | 6312 ||| INVOKING Heroism.
  6317 | D:11     | 6317 ||| SWAPPING to +0 flail.
  6323 | D:11     | Killed a five-headed hydra
  6323 | D:11     | Reached ** piety under Okawaru
  6324 | D:11     | Reached skill level 6 in Armour
  6324 | D:11     | 6324 ||| SWAPPING to +0 vampiric war axe.
  6372 | D:11     | Identified the +7 mace of Gravity {flame, Str+2}
  6374 | D:11     | 6374 ||| DROPPING +0 flail.
  6386 | D:11     | 6386 ||| Stepping ~*~*~tactically~*~*~ (hiding).
  6398 | D:11     | Reached skill level 10 in Axes
  6403 | D:11     | 6403 ||| READING scroll labelled DEN YJINGOP.
  6421 | D:10     | Entered Level 10 of the Dungeon
  6483 | D:10     | 6483 ||| INVOKING Heroism.
  6501 | D:10     | Reached *** piety under Okawaru
  6517 | D:10     | 6517 ||| INVOKING Heroism.
  6541 | D:10     | Found Wothet's Book Shoppe.
  6627 | D:11     | 6627 ||| INVOKING Heroism.
  6708 | D:11     | 6708 ||| Stepping ~*~*~tactically~*~*~ (hiding).
  6709 | D:11     | 6709 ||| Stepping ~*~*~tactically~*~*~ (hiding).
  6710 | D:11     | 6710 ||| Stepping ~*~*~tactically~*~*~ (hiding).
  6715 | D:11     | Noticed a green ugly thing
  6733 | D:11     | Killed a green ugly thing
  6758 | D:11     | Noticed a manticore
  6759 | D:11     | 6759 ||| Stepping ~*~*~tactically~*~*~ (hiding).
  6765 | D:11     | 6765 ||| INVOKING Heroism.
  6774 | D:11     | Killed a manticore
  6774 | D:11     | Reached **** piety under Okawaru
  6775 | D:11     | Reached skill level 11 in Axes
  6775 | D:11     | Reached XP level 11. HP: 67/68 MP: 12/14
  6803 | D:11     | 6803 ||| RIP GAUNTLET
  6818 | D:11     | 6818 ||| PLANNING D:1-11
  6877 | D:10     | Noticed a purple ugly thing
  6883 | D:10     | Noticed qw's ghost (journeyman GrFi)
  6890 | D:10     | Found a transporter.
  6901 | D:10     | Found a transporter.
  6908 | D:10     | 6908 ||| DROPPING +0 war axe of electrocution.
  6945 | D:10     | 6945 ||| INVOKING Heroism.
  6976 | D:10     | 6976 ||| READING scroll labelled KOTHRET YR WING.
  7047 | D:9      | Found a shimmering blue altar of Sif Muna.
  7131 | D:8      | 7131 ||| INVOKING Heroism.
  7155 | D:8      | 7155 ||| Stepping ~*~*~tactically~*~*~ (stealth).
  7178 | D:8      | 7178 ||| Stepping ~*~*~tactically~*~*~ (stealth).
  7181 | D:8      | 7181 ||| INVOKING Heroism.
  7204 | D:8      | Found a shadowy altar of Dithmenos.
  7330 | D:8      | 7330 ||| Stepping ~*~*~tactically~*~*~ (hiding).
  7332 | D:8      | 7332 ||| Stepping ~*~*~tactically~*~*~ (hiding).
  7608 | D:8      | Found a bloodstained altar of Trog.
  7612 | D:8      | Found a glowing silver altar of Zin.
  7617 | D:8      | Found a hazy altar of Hepliaklqana.
  7803 | D:8      | 7803 ||| INVOKING Heroism.
  7857 | D:8      | 7857 ||| READING scroll labelled QEMNADWOUBING.
  7858 | D:8      | 7858 ||| READING 2 scrolls of identify.
  7858 | D:8      | 7858 ||| IDENTIFYING viscous sapphire potion
  7886 | D:9      | Noticed a two-headed ogre
  7887 | D:9      | 7887 ||| INVOKING Heroism.
  7903 | D:9      | Killed a two-headed ogre
  7904 | D:9      | Reached skill level 9 in Fighting
  7938 | D:9      | Found a runed translucent gate.
  7940 | D:9      | Found a runed translucent gate.
  7952 | D:9      | 7952 ||| INVOKING Heroism.
  8044 | D:9      | Found a runed translucent gate.
  8093 | D:9      | Found an opulent altar of Gozag.
  8094 | D:9      | Noticed qw's ghost (journeyman GrCA)
  8094 | D:9      | Noticed a centaur warrior
  8101 | D:9      | a queen bee changed into an entropy weaver
  8101 | D:9      | Noticed an entropy weaver (shapeshifter)
  8127 | D:9      | Found Jiqilob's Jewellery Shop.
  8138 | D:9      | 8138 ||| BUYING amulet of the acrobat (420 gold).
  8138 | D:9      | Bought an amulet of the acrobat for 420 gold pieces
  8138 | D:9      | 8138 ||| SHOPLISTING ring of fire (350 gold, have 183).
  8138 | D:9      | 8138 ||| SHOPLISTING ring of positive energy (280 gold,
                  | have 183).
  8138 | D:9      | 8138 ||| SHOPLISTING ring of resist corrosion (280 gold,
                  | have 183).
  8199 | D:9      | 8199 ||| Stepping ~*~*~tactically~*~*~ (stealth).
  8207 | D:9      | Noticed a death yak
  8208 | D:9      | 8208 ||| INVOKING Heroism.
  8209 | D:9      | Noticed a death yak
  8210 | D:9      | Found a staircase to the Lair.
  8210 | D:9      | Noticed a death yak
  8227 | D:9      | HP: 13/71 [death yak (19)]
  8228 | D:9      | 8228 ||| READING 4 scrolls of teleportation.
  8232 | D:9      | Slain by a death yak

Levels and vault maps discovered:
D:1:      denvon_arrival_planthouse, layout_loops_ring, nrook_campfire
D:2:      layout_basic
D:3:      layout_rooms
D:4:      layout_rooms, serial_glass, glass_columns_c, glass_columns_a,
          glass_columns_a, glass_columns_a, glass_columns_a, glass_columns_a,
          gammafunk_ghost_smash
D:5:      layout_basic, uniq_eustachio, uniq_sigmund, uniq_menkaure
D:6:      layout_rooms, mainiacjoe_overflow_small_starburst,
          nicolae_overflow_hidden_temple, minmay_temple_entry_from_below_a
D:7:      layout_cave_pools, kennysheep_mini, biasface_ghost_orc_armoury
D:8:      black_bear_nest_2, layout_basic, grunt_temple_overflow_diamond,
          grunt_dithmenos_smoke_and_mirrors, serial_glass, glass_columns_a,
          glass_columns_b, glass_columns_a, glass_columns_a, glass_columns_a,
          glass_columns_a, glass_columns_a, glass_columns_b,
          corexii_hall_statues_t
D:9:      layout_cave_pods, lemuel_blue_sif_altar, dpeg_lair_monsters,
          serial_shops, nicolae_shop_temple_entry_statues_fountains,
          ebering_ghost_gozag
D:10:     lemuel_slime, layout_basic, nzn_ghost_randoct, serial_shops,
          nicolae_shop_rolling_square, minmay_fire_ice_demons
D:11:     layout_small_grid, gammafunk_ghost_necromancy, gauntlet_entry_generic,
          hangedman_decor_lopped, minmay_misc_feat_cross
Temple:   jpeg_temple_clearing

Skill      XL: |  1  2  3  4  5  6  7  8  9 10 11 |
---------------+----------------------------------+-----
Axes           | 2 3 4 5 6 7 8 9 11 | 11.1
Dodging        | 1 2 |  2.4
Fighting       | 4 5 6 7 8 9 |  9.4
Throwing       | 1 2 |  2.1
Shields        | 4 5 |  5.3
Armour         | 5 7 |  7.5
Invocations    | 3 4 5 |  5.4

Action                     |  1- 3 |  4- 6 |  7- 9 | 10-12 || total
---------------------------+-------+-------+-------+-------++-------
  Melee: War axe           |   117 |   101 |   282 |   186 ||   686
         Flail             |       |       |       |     6 ||     6
  Throw: Boomerang         |       |    36 |    22 |    23 ||    81
 Invoke: Heroism           |       |       |     1 |    12 ||    13
    Use: Scroll            |     4 |     8 |     5 |     5 ||    22
         Potion            |     1 |     4 |     5 |       ||    10
   Stab: Invisible         |       |     1 |       |       ||     1
 Armour: Scale mail        |    58 |    64 |   135 |       ||   257
         Plate armour      |       |       |    32 |   170 ||   202
  Dodge: Dodged            |    60 |    49 |   160 |    79 ||   348
  Block: Buckler           |    13 |    20 |    80 |    61 ||   174

Table legend:
 A = Non-vault XP
 B = Vault XP
 C = Vault XP percentage of total XP
 D = Non-vault monster count
 E = Vault monster count
 F = Vault count percentage of total count
                 A         B        C        D         E       F
            +---------+---------+-------+---------+---------+-------
      Total |   11726 |     910 |   7.2 |     178 |       5 |   2.7
            +---------+---------+-------+---------+---------+-------
        D:1 |      44 |       0 |   0.0 |      25 |       0 |   0.0
        D:2 |      50 |       0 |   0.0 |      18 |       0 |   0.0
        D:3 |      70 |       0 |   0.0 |      10 |       0 |   0.0
        D:4 |     242 |       0 |   0.0 |      13 |       0 |   0.0
        D:5 |     650 |     580 |  47.2 |      19 |       3 |  13.6
        D:6 |     876 |       0 |   0.0 |      13 |       0 |   0.0
        D:7 |    1083 |       0 |   0.0 |      15 |       0 |   0.0
        D:8 |    1871 |     124 |   6.2 |      25 |       1 |   3.8
        D:9 |    1528 |     206 |  11.9 |       7 |       1 |  12.5
       D:10 |    1835 |       0 |   0.0 |      17 |       0 |   0.0
       D:11 |    3477 |       0 |   0.0 |      16 |       0 |   0.0
            +---------+---------+-------+---------+---------+-------
